 Dungeon Crawl Stone Soup version 0.24-a0-201-gf2055891f0 (webtiles) character file.

Game seed: 15900592786764397476

1129 Orphidia the Martial Artist (level 8, 0/59 HPs)
             Began as a Pale Draconian Transmuter on Mar 22, 2019.
             Slain by an orc
             ... wielding a +0 trident of freezing
              (4 damage)
             ... on level 6 of the Dungeon.
             The game lasted 00:09:36 (5437 turns).

Orphidia the Martial Artist (DrTm)                  Turns: 5437, Time: 00:09:37

Health: 0/59       AC: 10    Str: 13    XL:     8   Next: 13%
Magic:  4/11       EV: 12    Int: 13    God:
Gold:   259        SH:  0    Dex: 14    Spells: 5/11 levels left

rFire    . . .     SeeInvis +     - Unarmed
rCold    . . .     Gourm    .   (no shield)
rNeg     . . .     Faith    .   (armour unavailable)
rPois    .         Spirit   .   (helmet restricted)
rElec    .         Reflect  .   l - +2 cloak
rCorr    .         Harm     .   (no gloves)
MR       .....                  g - +0 pair of boots
Stlth    +.........             t - amulet of rage
HPRegen  0.19/turn              v - ring of see invisible
MPRegen  0.12/turn              (no ring)

@: very slightly contaminated, slowed, very slow
A: breathe steam, unfitting armour, cold-blooded, AC +6
a: Breathe Steam, Evoke Berserk Rage


You were on level 6 of the Dungeon.
You were near starving.

You visited 1 branch of the dungeon, and saw 6 of its levels.

You collected 259 gold pieces.


Innate Abilities, Weirdness & Mutations

You can breathe blasts of scalding, opaque steam.
Your pale cyan-grey scales are hard. (AC +6)
You cannot fit into any form of body armour.
You are cold-blooded and may be slowed by cold attacks.


   Skills:
 - Level 1.1 Fighting
 - Level 1.7 Dodging
 - Level 8.0 Unarmed Combat
 - Level 2.0 Spellcasting
 + Level 6.5 Transmutations


You had 5 spell levels left.
You knew the following spells:

 Your Spells              Type           Power        Failure   Level  Hunger
A - Beastly Appendage     Tmut           ###...       1%          1    ##.....
B - Sticks to Snakes      Tmut           ###.....     2%          2    ###....
C - Spider Form           Tmut/Pois      #.........   21%         3    ####...

Your spell library contained the following spells:

 Spells                   Type           Power        Failure   Level  Hunger
 Corona                   Hex            #......      26%         1    ##.....
 Ensorcelled Hibernation  Hex/Ice        #.....       36%         2    ###....
 Blade Hands              Tmut           ###.......   43%         5    ######.
 Ice Form                 Ice/Tmut       #.......     54%         4    #####..
 Confuse                  Hex            #.......     58%         3    ####...
 Dazzling Spray           Conj/Hex       #.....       58%         3    ####...
 Tukima's Dance           Hex            #.......     58%         3    ####...

Action                   |  1- 3 |  4- 6 |  7- 9 || total
-------------------------+-------+-------+-------++-------
Melee: Unarmed           |    90 |   162 |    99 ||   351
       Tailslap          |     6 |     9 |     7 ||    22
       Headbutt          |     5 |     5 |       ||    10
       Punch             |     1 |     1 |     3 ||     5
 Cast: Beastly Appendage |     6 |     8 |       ||    14
       Spider Form       |     1 |    11 |     6 ||    18
 Abil: Breathe Steam     |       |       |     5 ||     5
  Use: Scroll            |     2 |     6 |     1 ||     9
 Stab: Sleeping          |     3 |       |     1 ||     4
  Eat: Chunk             |     3 |     9 |     5 ||    17
Armor: Skin              |    29 |    42 |    13 ||    84
Dodge: Dodged            |    43 |    85 |    56 ||   184

Inventory:

Missiles
 a - 88 arrows
 j - 3 tomahawks (quivered)
Armour
 g - a +0 pair of boots (worn)
 l - a +2 cloak (worn)
Jewellery
 t - an amulet of rage (around neck)
 v - a ring of see invisible (left hand)
Scrolls
 b - 2 scrolls of teleportation
 e - a scroll of fog {unknown}
 h - a scroll of enchant armour
 m - a scroll of fear {unknown}
 o - a scroll of enchant weapon {unknown}
 q - a scroll of remove curse
 r - a scroll of amnesia {unknown}
 s - a scroll of blinking
Potions
 d - 2 potions of heal wounds
 f - 2 potions of curing
 i - 2 potions of flight
 k - a potion of cancellation
 n - 2 potions of might {unknown}
 p - 3 potions of haste {unknown}
Comestibles
 c - 11 rations

#..# #..#
#..#
########<.#
#......)..#
#.#######.#
#.#
#.#######
#.#
#.......#
#.#
#######@#
##.#####
#.#
...<...#
#o#
##.###.#
#o# #.# #.#
#.# #.# #..
#.# #.# #.#
#.# #.#


You could see 2 orcs.

Vanquished Creatures
  Grinder (D:4)
  An orc warrior (D:5)
  A sky beast (D:5)
  2 ogres (D:5)
  A crimson imp (D:5)
  3 orc priests
  Crazy Yiuf (D:2)
  3 orc wizards
  A hound (D:4)
  An iguana (D:6)
  Ijyb (D:4)
  2 worker ants (D:5)
  A worker ant zombie (D:6)
  Robin (D:4)
  4 adders
  3 gnolls (D:5)
  An ooze (D:2)
  An adder skeleton (D:3)
  A worm (D:5)
  2 dart slugs (D:3)
  A leopard gecko (D:5)
  11 orcs
  4 giant cockroaches
  17 goblins
  7 hobgoblins
  11 jackals
  A quokka (D:5)
  2 ball pythons
  5 bats (D:2)
  6 frilled lizards
  5 kobolds
  3 rats
105 creatures vanquished.

Levels and vault maps discovered:
D:1:      dpeg_arrival_chambers_temple_mockup, layout_loops_ring
D:2:      layout_rooms, kennysheep_generic_room_15, uniq_crazy_yiuf_cottage
D:3:      layout_rooms
D:4:      layout_basic, chequers_temple_overflow_statue_of_worship,
          eat_drink_and_be_merry_uskayaw, first_ration, uniq_ijyb, uniq_grinder,
          uniq_robin
D:5:      layout_basic
D:6:      layout_loops_ring, doesnt_xom_only_xom, uniq_eustachio


Message History

* * * LOW HITPOINT WARNING * * *
The orc barely misses you.
Things that are here:
a +0 dagger; a +0 robe; an orc corpse The orc barely misses you.
The orc hits you but does no damage.
The orc hits you from afar with a +0 trident of freezing.
* * * LOW HITPOINT WARNING * * *
You feel as though you will be slow longer.
The orc freezes you.
* * * LOW HITPOINT WARNING * * *
The orc hits you from afar with a +0 trident of freezing.
* * * LOW HITPOINT WARNING * * *
You feel as though you will be slow longer.
The orc freezes you.
* * * LOW HITPOINT WARNING * * *
The orc hits you from afar with a +0 trident of freezing!
* * * LOW HITPOINT WARNING * * *
The orc freezes you.
You die...

Notes
Turn   | Place    | Note
-------+----------+-------------------------------------------
     0 | D:1      | Orphidia the Draconian Transmuter began the quest for the
                  | Orb.
     0 | D:1      | Reached XP level 1. HP: 16/16 MP: 3/3
   758 | D:2      | Reached XP level 2. HP: 23/23 MP: 5/5
   776 | D:1      | Learned a level 2 spell: Sticks to Snakes
   842 | D:2      | Reached skill level 4 in Unarmed Combat
  1178 | D:2      | Reached XP level 3. HP: 27/28 MP: 6/6
  1549 | D:2      | Found a runed translucent door.
  1550 | D:2      | Noticed Crazy Yiuf
  1705 | D:2      | Learned a level 3 spell: Spider Form
  1713 | D:2      | Killed Crazy Yiuf
  1713 | D:2      | Reached skill level 5 in Unarmed Combat
  1713 | D:2      | Reached XP level 4. HP: 26/35 MP: 3/7
  2782 | D:4      | Reached XP level 5. HP: 37/40 MP: 6/8
  2861 | D:4      | Reached skill level 6 in Unarmed Combat
  3024 | D:4      | Noticed Ijyb
  3036 | D:4      | Killed Ijyb
  3049 | D:4      | Noticed Robin
  3067 | D:4      | Killed Robin
  3076 | D:4      | Reached XP level 6. HP: 38/47 MP: 1/9
  3270 | D:4      | Found a burning altar of Makhleb.
  3270 | D:4      | Found a shadowy altar of Dithmenos.
  3270 | D:4      | Noticed Grinder
  3614 | D:4      | Found a hide-covered altar of Uskayaw.
  3726 | D:4      | Paralysed by Grinder for 2 turns
  3727 | D:4      | Killed Grinder
  3727 | D:4      | Reached skill level 7 in Unarmed Combat
  3862 | D:4      | Reached skill level 8 in Unarmed Combat
  4063 | D:5      | Entered Level 5 of the Dungeon
  4086 | D:5      | Your scales start taking on a pale cyan-grey colour.
  4086 | D:5      | Reached XP level 7. HP: 25/52 MP: 7/10
  4480 | D:5      | Reached skill level 5 in Transmutations
  4642 | D:5      | Reached XP level 8. HP: 42/59 MP: 7/11
  5437 | D:6      | Slain by an orc
